 Dungeon Crawl Stone Soup version 0.29-a0-575-g0dc89cf (webtiles) character file.

Game seed: 12229763738125092912

199 BingusPrime the Ruffian (level 5, -1/49 HPs)
             Began as a Troll Transmuter on June 12, 2022.
             Slain by a gnoll
             ... wielding a +0 spear of flaming
              (6 damage)
             ... on level 4 of the Dungeon.
             The game lasted 00:05:16 (2754 turns).

BingusPrime the Ruffian (Troll Transmuter)          Turns: 2754, Time: 00:05:17

Health: -1/49      AC:  4    Str: 20    XL:     5   Next: 48%
Magic:  6/7        EV: 10    Int:  9    God:
Gold:   187        SH:  0    Dex: 10    Spells: 7/8 levels left

rFire   . . .      SeeInvis .     - Unarmed
rCold   . . .      Faith    .   (no shield)
rNeg    . . .      Spirit   .   a - +0 robe
rPois   .          Reflect  .   (helmet currently unavailable)
rElec   .          Harm     .   (no cloak)
rCorr   .          Rampage  .   (gloves unavailable)
Will    .....                   (boots unavailable)
Stlth   +.........              (no amulet)
HPRegen 0.96/turn               (no ring)
MPRegen 0.10/turn               (no ring)

@: appendages (expiring)
A: horns 2, talons 2, large, unfitting armour, claws 3, regeneration 1, shaggy
fur 1, tough skin 1
a: End Transformation


You were on level 4 of the Dungeon.
You had temporarily grown beastly horns and talons.
You visited 1 branch of the dungeon, and saw 4 of its levels.

You collected 187 gold pieces.

Inventory:

Armour
 a - a +0 robe (worn)
Scrolls
 c - 5 scrolls of identify {unknown}
 d - a scroll of immolation {unknown}
 e - 2 scrolls of teleportation {unknown}
 f - a scroll of acquirement {unknown}
 h - a scroll of fear {unknown}
 l - a scroll of torment {unknown}
 n - a scroll of vulnerability {unknown}
 o - a scroll of noise {unknown}
 q - a scroll of fog {unknown}
Potions
 b - 2 potions of lignification
 g - 3 potions of mutation {unknown}
 i - a potion of ambrosia {unknown}
 j - 2 potions of flight {unknown}
 k - a potion of attraction {unknown}
 m - 2 potions of curing {unknown}
 p - a potion of resistance {unknown}


   Skills:
 * Level 2.2 Fighting
 + Level 2.0 Dodging
 + Level 3.6 Unarmed Combat
 * Level 2.1 Spellcasting
 * Level 2.4 Transmutations


You had 7 spell levels left.
You knew the following spells:

 Your Spells              Type           Power      Damage    Failure   Level
a - Beastly Appendage     Tmut           10%        N/A       12%         1

Your spell library contained the following spells:

 Spells                   Type           Power      Damage    Failure   Level
 Wereblood                Tmut           5%         N/A       19%         2
 Spider Form              Tmut/Pois      3%         N/A       52%         3
 Ice Form                 Ice/Tmut       3%         N/A       89%         4


Dungeon Overview and Level Annotations

Branches:
Dungeon (4/15)             Temple (0/1) D:4

Altars:


Innate Abilities, Weirdness & Mutations

You have temporarily grown beastly horns and talons.
You are too large for most types of armour.
You have claws for hands.
Your natural rate of healing is unusually fast.
You are covered in fur. (AC +1)
You have tough skin. (AC +1)


Message History

You see here a hobgoblin skeleton.
You hear the brisk rusting of a drain very nearby.
You open the door. 3 gnolls come into view.
A gnoll is wielding a +0 spear of flaming.
The gnoll shouts! x3
The gnoll hits you from afar with a +0 halberd!
The gnoll attacks as you move away! The gnoll barely misses you.
Casting: Beastly Appendage (safe; 12% risk of failure)
Confirm with . or Enter, or press ? or * to list all spells.
You grow a pair of large bovine horns.
Your feet morph into talons.
The gnoll hits you with a +0 halberd! The gnoll barely misses you.
You claw the gnoll!
The gnoll is almost dead.
The gnoll hits you with a +0 halberd!
The gnoll hits you from afar with a +0 spear of flaming.
The gnoll burns you.
You claw the gnoll!
You kill the gnoll!
The gnoll closely misses you.
The gnoll hits you with a +0 spear of flaming!
The gnoll burns you. The gnoll hits you with a +0 whip.
* * * LOW HITPOINT WARNING * * *
There is an open door, spattered with blood here.
Things that are here:
a +0 halberd; a gnoll corpse You barely miss the gnoll.
The gnoll hits you with a +0 whip.
* * * LOW HITPOINT WARNING * * *
The gnoll hits you but does no damage.
You closely miss the gnoll. You claw the gnoll, but do no damage.
The gnoll closely misses you.
The gnoll hits you with a +0 spear of flaming.
* * * LOW HITPOINT WARNING * * *
The gnoll burns you.
* * * LOW HITPOINT WARNING * * *
You barely miss the gnoll. Your headbutt misses the gnoll.
Your transformation is almost over.
The gnoll hits you but does no damage.
The gnoll hits you with a +0 spear of flaming.
You die...

### ##..
#..g########
#..g@......#
#...######.#
#... #.#
#...
#.##########
####
#...........
############
# # #


You could see 2 gnolls.

Vanquished Creatures
  A scorpion (D:4)
  An orc priest (D:3)
  4 adders
  A gnoll (D:4)
  2 dart slugs (D:3)
  9 orcs
  3 bats
  5 endoplasms
  2 giant cockroaches
  6 goblins
  A hobgoblin (D:4)
  3 jackals (D:1)
  A quokka (D:1)
  8 ball pythons
  A frilled lizard (D:1)
  4 kobolds
  2 rats
54 creatures vanquished.

Notes
Turn   | Place    | Note
-------+----------+-------------------------------------------
     0 | D:1      | BingusPrime the Troll Transmuter began the quest for the
                  | Orb.
     0 | D:1      | Reached XP level 1. HP: 18/18 MP: 1/1
   266 | D:1      | Reached skill level 1 in Fighting
   314 | D:1      | Reached XP level 2. HP: 27/27 MP: 3/3
   753 | D:2      | Reached XP level 3. HP: 33/33 MP: 4/4
   802 | D:2      | Found a faded altar of an unknown god.
  1822 | D:3      | Reached XP level 4. HP: 42/42 MP: 5/5
  2446 | D:4      | Found a staircase to the Ecumenical Temple.
  2521 | D:4      | Noticed a scorpion
  2535 | D:4      | Killed a scorpion
  2536 | D:4      | Reached XP level 5. HP: 31/49 MP: 5/7
  2754 | D:4      | Slain by a gnoll

Illustrated notes

Levels and vault maps discovered:
D:1:      dpeg_arrival_water_temple_mockup, layout_basic, minmay_nonomino_d4
D:2:      layout_basic, hellmonk_ecumenical_altar_pennies_from_heaven
D:3:      layout_loops_ring, minmay_misc_feat_columns, saegor_snake_ambush
D:4:      layout_basic, minmay_temple_entry_grid, portal_sewer_entry_d,
          minmay_misc_feat_room

Skill      XL: |  1  2  3  4 |
---------------+-------------+-----
Fighting       | 1 2 |  2.2
Transmutations | 2 |  2.4
Dodging        | 2 |  2.0
Spellcasting   | 2 |  2.1
Unarmed Combat | |  3.6

Action                   |  1- 3 |  4- 6 || total
-------------------------+-------+-------++-------
Melee: Unarmed           |    88 |    57 ||   145
       Punch             |     3 |     1 ||     4
       Headbutt          |       |     2 ||     2
       Kick              |       |     2 ||     2
 Cast: Beastly Appendage |       |     2 ||     2
  Use: Potion            |       |     1 ||     1
 Stab: Sleeping          |     1 |       ||     1
Armor: Robe              |    36 |    14 ||    50
       Skin              |       |     6 ||     6
Dodge: Dodged            |    47 |    18 ||    65

Table legend: (Time is in decaauts)
 A = Elapsed time spent in this place.
 B = Non-inter-level travel time spent in this place.
 C = Inter-level travel time spent in this place.
 D = Time resting spent in this place.
 E = Time spent auto-exploring this place.
 F = Levels seen in this place.
 G = Mean time per level.
                   A        B        C        D        E       F      G
               +--------+--------+--------+--------+--------+-----+--------+
         Total |   2769 |   2320 |    449 |     18 |   1956 |   4 |  692.2 |
       Dungeon |   2769 |   2320 |    449 |     18 |   1956 |   4 |  692.2 |
               +--------+--------+--------+--------+--------+-----+--------+

Top non-repeatable levels by time:
     D:2: 963 daAuts
     D:3: 776 daAuts
     D:1: 639 daAuts
     D:4: 389 daAuts
